AoeStats
← elitedurasteel

Nomad

510616633Analyzed
2v2 RM · 18h ago on Oct 1, 2026· 52m 2s· 4 players
Game mode
Random Map
Map size
176×176
Population
200
Speed
Normal
Resources
Standard
Victory
Conquest
Starting age
Dark Age
Ending age
Imperial Age
RankedLock teamsTeams togetherTeam positionsShared explorationLock speedFull tech treeHidden civsTurbo modeCheats
Victory
Defeat
🇬🇧 Persians · United Kingdom
1226
+18
🇦🇷 Vietnamese · Argentina
1194
+20
🇩🇪 Berbers · Germany
1277
-19
🇩🇪 Italians · Germany
1276
-19
elitedurasteel
12:35 Feudal Age
16:03 Castle Age
14:20 Double-Bit Axe
15:51 Loom
16:52 Fletching
17:40 Bow Saw
17:13 Horse Collar
28:54 Heavy Plow
30:28 Bloodlines
30:21 Husbandry
32:41 Wheelbarrow
35:38 Scale Barding Armor
38:00 Town Watch
39:04 Chain Barding Armor
42:25 Imperial Age
40:15 Forging
40:52 Hand Cart
42:04 Iron Casting
42:05 Ballistics
42:16 Bodkin Arrow
42:26 Gold Mining
43:17 Conscription
43:59 Plate Barding Armor
43:01 Light Cavalry
45:18 Gold Shaft Mining
44:37 Cavalier
45:21 Hussar
47:02 Blast Furnace
46:27 Heavy Camel Rider
46:29 Savar
47:50 Elite War Elephant
49:34 Padded Archer Armor
Ilum | DiegoGrip
7:56 Loom
13:26 Feudal Age
15:45 Forging
16:05 Double-Bit Axe
16:08 Town Watch
20:22 Castle Age
18:25 Fletching
18:51 Fishing Lines
21:35 Medium Warships
22:13 Bow Saw
24:41 Gold Mining
27:04 Iron Casting
29:40 Bodkin Arrow
30:49 Horse Collar
33:03 Wheelbarrow
33:26 Padded Archer Armor
36:23 Ballistics
40:52 Imperial Age
40:34 Hand Cart
40:36 Scale Mail Armor
41:43 Squires
42:48 Chain Mail Armor
43:31 Fortified Wall
44:36 Stone Mining
45:03 Heavy Plow
47:12 Chemistry
46:23 Masonry
47:04 Leather Archer Armor
49:02 Plate Mail Armor
48:33 Bracer
47:57 Elite Fire Lancer
50:44 Ring Archer Armor
52:14 Caravan
Johnyxash
5:01 Loom
12:39 Feudal Age
13:10 Double-Bit Axe
13:11 Fishing Lines
18:17 Gold Mining
20:34 Castle Age
18:50 Forging
18:46 Scale Barding Armor
19:33 Wheelbarrow
19:09 Stone Mining
19:47 Bloodlines
21:29 Husbandry
22:06 Iron Casting
23:08 Medium Warships
22:49 Gillnets
24:48 Chain Barding Armor
29:22 Siphons
31:10 Horse Collar
32:49 Stone Shaft Mining
32:03 Town Watch
33:26 Bow Saw
38:37 Imperial Age
36:50 Heavy Plow
37:07 Fletching
39:26 Hand Cart
39:58 Plate Barding Armor
39:55 Bodkin Arrow
41:53 Blast Furnace
41:36 Ballistics
42:34 Chemistry
42:55 Crop Rotation
43:26 Two-Man Saw
45:53 Bracer
45:26 Elite Genoese Crossbowman
46:30 Padded Archer Armor
47:40 Leather Archer Armor
48:13 Cavalier
49:49 Ring Archer Armor
49:33 Murder Holes
51:09 Pikeman
51:51 Squires
cordlaboe
5:36 Loom
13:16 Feudal Age
13:58 Double-Bit Axe
15:11 Fishing Lines
18:35 Forging
24:12 Castle Age
23:10 Bloodlines
23:52 Fletching
24:44 Scale Barding Armor
27:19 Bow Saw
28:02 Iron Casting
28:13 Medium Warships
33:43 Gillnets
35:42 Husbandry
38:54 Imperial Age
37:34 Pikeman
38:19 Scale Mail Armor
38:19 Horse Collar
40:22 Chain Mail Armor
41:58 Bodkin Arrow
43:58 Wheelbarrow
44:05 Cavalier
45:34 Chain Barding Armor
48:00 Hand Cart
49:44 Gold Mining
Connection lost

Rejoining the realm…

Still unreachable

The connection could not be restored.

Session expired

The server has moved on; the page needs a fresh start.